 Dungeon Crawl Stone Soup version 0.30-a0-860-g512cf1e979 (webtiles) character file.

Game seed: 10180724044915507726

1649 Jannitor the Trooper (level 9, -1/65 HPs)
             Began as a Djinni Chaos Knight on Mar 7, 2023.
             Was a Plaything of Xom.
             Killed by divine providence
             ... invoked by an orc priest
              (14 damage)
             ... on level 7 of the Dungeon.
             The game lasted 00:10:25 (5459 turns).

Jannitor the Trooper (Djinni Chaos Knight)          Turns: 5459, Time: 00:10:26

Health: -1/65      AC: 11    Str: 19    XL:     9   Next: 19%
Gold:   179        EV: 13    Int: 13    God:    Xom [.....*] SH:  5 Dex: 16

rFire   + + +      SeeInvis +    j - +4 short sword
rCold   . . .      Faith    .    u - +0 buckler
rNeg    + . .      Spirit   .    b - +2 leather armour
rPois   ∞          Reflect  .    f - +0 helmet
rElec   +          Rampage  .    s - +0 cloak
rCorr   .                        t - +0 pair of gloves
Will    +....                    (boots unavailable)
Stlth   ++                       (no amulet)
HPRegen 0.30/turn                l - ring of willpower
MPRegen 0.00/turn                i - ring of Adaigias {rC+ rN+ Dex+4 SInv}

@: mighty, cleaving, flying, unable to drink
A: sickness immunity, fire resistance 3, cold vulnerability 1, float, innate
caster, HP casting, extra vitality 1, iridescent scales 1, dopey 1, electricity
resistance, strong 2, inability to drink after injury 1
a: Renounce Religion


You were on level 7 of the Dungeon.
You worshipped Xom.
You were Xom's teddy bear.
You visited 1 branch of the dungeon, and saw 7 of its levels.

You collected 263 gold pieces.
You spent 84 gold pieces at shops.

Inventory:

Hand Weapons
 a - a +0 short sword of chaos
 j - a +4 short sword (weapon)
Missiles
 d - 8 poisoned darts
Armour
 b - a +2 leather armour (worn)
 f - a +0 helmet (worn)
 s - a +0 cloak (worn)
 t - a +0 pair of gloves (worn)
 u - a +0 buckler (worn)
Jewellery
 i - the ring of Adaigias (right hand) {rC+ rN+ Dex+4 SInv}
   (You acquired it on level 4 of the Dungeon)

   [ring of positive energy]

   Dex:       It affects your dexterity (+4).
   rC:        It protects you from cold.
   rN:        It protects you from negative energy.
   SInv:      It lets you see invisible.
 l - a ring of willpower (left hand)
 o - a +4 ring of protection
 F - a +6 ring of strength
Wands
 k - a wand of mindburst (23)
 C - a wand of flame (14)
 D - a wand of roots (5)
Scrolls
 g - 3 scrolls of teleportation
 m - a scroll of vulnerability
 n - a scroll of butterflies
 v - a scroll of silence
 y - 2 scrolls of fog
 E - a scroll of magic mapping
Potions
 e - 2 potions of attraction
 h - a potion of degeneration {unknown}
 p - a potion of lignification
 r - a potion of heal wounds {unknown}
 w - a potion of haste {unknown}
 x - 2 potions of mutation {unknown}
 z - a potion of cancellation {unknown}
 A - 3 potions of flight {unknown}
 B - a potion of berserk rage
Miscellaneous
 c - a piece from Xom's chessboard (15/15) (quivered)


   Skills:
 + Level 5.3 Fighting
 + Level 4.8 Short Blades
 + Level 4.2 Armour
 + Level 5.1 Dodging
 + Level 3.6 Stealth
 + Level 2.7 Shields
 + Level 3.0 Spellcasting


You knew the following spells:

 Your Spells              Type           Power      Damage    Failure   Level
a - Summon Small Mammal   Summ           40%        N/A       10%         1
b - Call Imp              Summ           10%        N/A       16%         2
c - Teleport Other        Tloc           10%        N/A       30%         3
d - Animate Dead          Necr           10%        N/A       69%         4
Your spell library was empty.

Dungeon Overview and Level Annotations

Branches:
Dungeon (7/15)             Temple (0/1) D:7

Altars:
Cheibriados
Elyvilon
Gozag
Hepliaklqana
Nemelex Xobeh
Qazlal
Ru
Wu Jian
Xom
The Shining One

Shops:
D:3 (   D:7 (?(

Annotations:
D:3 3 runed translucent doors, Necrophagist's ghost, amateur DsSu


Innate Abilities, Weirdness & Mutations

You are immune to sickness and miasma.
You are immune to poison.
Your flesh is almost immune to the effects of heat. (rF+++)
You are vulnerable to cold. (rC-)
You float through the air rather than walking.
You learn spells naturally, not from books.
Your magical power is your life essence.
You have superior vitality. (+4 MHP)
You are partially covered in iridescent scales. (AC +2)
You are dopey. (Int -2)
You are resistant to electric shocks. (rElec)
Your muscles are very strong. (Str +8, Int/Dex -2)
You occasionally lose the ability to drink potions when taking damage.


Message History

You hit the killer bee but do no damage.
The killer bee is moderately wounded.
The killer bee stings you but does no damage.
Okay, then.
Unknown command.
You feel very mighty all of a sudden. The killer bee barely misses you.
The orc wizard gestures at you while chanting.
The magic dart hits you but does no damage.
The killer bee stings you but does no damage.
You completely miss the killer bee.
The killer bee is moderately wounded.
The killer bee stings you.
The killer bee stings you but does no damage.
You barely miss the killer bee.
The killer bee is moderately wounded.
You block the killer bee's attack.
You puncture the orc wizard!
The orc wizard is almost dead.
You closely miss the killer bee. The killer bee completely misses you.
The killer bee closely misses you. The orc wizard closely misses you.
The orc priest looks satisfied for a moment.
The orc priest mumbles some strange prayers to Beogh against you.
Beogh smites you!
You puncture the orc wizard!
You kill the orc wizard!
You hit the killer bee.
The killer bee stings you but does no damage.
The killer bee closely misses you.
The orc priest calls down the wrath of Beogh upon you.
Beogh smites you!
You feel threatened and lose the ability to drink potions!
* * * LOW HITPOINT WARNING * * *
You block the killer bee's attack.
Things that are here:
a +0 dagger; a +0 robe; a scroll labelled MECIN BESYMYXT The orc priest mumbles some strange prayers to Beogh against you.
Beogh smites you!
You die...
Xom bursts into laughter!

..#.# #.# ######.#.# ####.#
###....#.#.# #....#
......#.#'### #####....# #
#.#..#.....# #........###
#.#...<#.....###....###.##.
#.#....#:...........###'##. #
#.'....o.y..........##.....
#.###..o.###@##.........)....
#....o.ooyy)y##..............
##....y5#####................
#.#....##...................
# #...o...#...........######
#..yoy..#......##...#
#...)y..# ..#####...
#..5...o# ..# ##'#..o.#


You could see a lemure, 5 killer bees, an orc priest, an orc wizard (invisible)
and 2 orcs.

Vanquished Creatures
  A hornet (D:7)
  Sigmund (D:5)
  A centaur (D:7)
  A phantom (D:5)
  Blork the orc (D:5)
  2 scorpions
  3 killer bees (D:7)
  7 hounds
  2 orc priests
  4 jellies
  3 sleepcaps
  A gnoll bouda (D:4)
  2 orc wizards
  Ijyb (D:3)
  2 gnolls
  2 adders
  2 ufetubi (D:5)
  2 dart slugs
  16 orcs
  10 ball pythons
  8 endoplasms
  7 goblins
  8 hobgoblins
  6 jackals
  7 quokkas
  7 bats
  A frilled lizard (D:2)
  3 kobolds
  5 rats
116 creatures vanquished.

Vanquished Creatures (collateral kills)
  An iguana (D:5)
  An adder (D:5)
  5 gnolls
  4 orcs
  A bat (D:2)
  A frilled lizard (D:1)
13 creatures vanquished.

Vanquished Creatures (others)
  An orc (D:4)
  2 ballistomycete spores (D:6)
3 creatures vanquished.

Grand Total: 132 creatures vanquished

Notes
Turn   | Place    | Note
-------+----------+-------------------------------------------
     0 | D:1      | Jannitor the Djinni Chaos Knight began the quest for the
                  | Orb.
     0 | D:1      | Reached XP level 1. HP: 20/20 MP: 0/0
   120 | D:1      | XOM: silly message
   153 | D:1      | Reached XP level 2. HP: 22/25 MP: 0/0
   185 | D:1      | HP: 1/25 [ball python (1)]
   231 | D:1      | XOM: silly message
   233 | D:1      | XOM: silly message
   494 | D:1      | Reached XP level 3. HP: 30/30 MP: 0/0
   494 | D:1      | Learned a level 1 spell: Summon Small Mammal
  1177 | D:2      | Found a glowing golden altar of the Shining One.
  1304 | D:2      | XOM: summons friendly smoke demon
  1311 | D:2      | Reached skill level 1 in Stealth
  1311 | D:2      | Reached XP level 4. HP: 27/35 MP: 0/0
  1315 | D:2      | Reached skill level 1 in Spellcasting
  1527 | D:3      | Found a faded altar of an unknown god.
  1528 | D:3      | Found Nudwou Ibas's Antique Weapon Emporium.
  1733 | D:3      | Identified the +2 chain mail "Xuallaicsu" {rF+ rC+ Dex-2}
  1734 | D:3      | Found a runed translucent gate.
  1734 | D:3      | Noticed Necrophagist's ghost (amateur DsSu)
  1739 | D:3      | XOM: smoke on damage
  1745 | D:3      | Reached XP level 5. HP: 38/40 MP: 0/0
  1745 | D:3      | Learned a level 2 spell: Call Imp
  1788 | D:3      | Found a runed translucent gate.
  1789 | D:3      | Found a runed translucent gate.
  1837 | D:3      | Noticed Ijyb
  1853 | D:3      | XOM: summons friendly white imp
  2023 | D:3      | Killed Ijyb
  2294 | D:3      | XOM: divination: detect items
  2410 | D:4      | Reached XP level 6. HP: 25/47 MP: 0/0
  2482 | D:4      | XOM: 2-stop teleportation journey
  2484 | D:4      | XOM: enchant monster (good)
  2650 | D:3      | XOM: divination: detect creatures
  2876 | D:4      | XOM: summons 3 hostile shadow creatures
  2877 | D:4      | Noticed an ogre
  2881 | D:5      | Entered Level 5 of the Dungeon
  2978 | D:4      | Reached XP level 7. HP: 45/52 MP: 0/0
  2978 | D:4      | Learned a level 3 spell: Teleport Other
  3214 | D:4      | Identified a scroll of acquirement
  3214 | D:4      | Acquired the ring of Adaigias {rC+ rN+ Dex+4 SInv}
  3369 | D:4      | Found a white marble altar of Elyvilon.
  3621 | D:5      | XOM: fog
  3830 | D:5      | Noticed Blork the orc
  3839 | D:5      | Killed Blork the orc
  3883 | D:5      | XOM: summons 1 hostile demon
  3917 | D:5      | Reached skill level 1 in Shields
  3917 | D:5      | Reached XP level 8. HP: 58/58 MP: 0/0
  4041 | D:5      | Found a shimmering altar of Xom.
  4209 | D:5      | Noticed Sigmund
  4222 | D:5      | Killed Sigmund
  4508 | D:6      | XOM: polymorph sleepcap -> ballistomycete
  4515 | D:7      | XOM: noise
  4577 | D:7      | XOM: give mutation
  4577 | D:7      | Gained mutation: You occasionally lose the ability to drink
                  | potions when taking damage. [Xom's mischief]
  4667 | D:7      | Found a staircase to the Ecumenical Temple.
  4729 | D:7      | Noticed a hornet
  4742 | D:7      | Killed a hornet
  4743 | D:7      | Reached skill level 5 in Fighting
  4743 | D:7      | Reached XP level 9. HP: 21/65 MP: 0/0
  4743 | D:7      | Learned a level 4 spell: Animate Dead
  4744 | D:7      | XOM: 1-stop teleportation journey
  4943 | D:7      | Found a sparkling altar of Nemelex Xobeh.
  4944 | D:7      | Found a stormy altar of Qazlal.
  4945 | D:7      | Found an opulent altar of Gozag.
  4946 | D:7      | Found a hazy altar of Hepliaklqana.
  4946 | D:7      | Found a glowing golden altar of the Shining One.
  4946 | D:7      | Found a snail-covered altar of Cheibriados.
  4947 | D:7      | Found a sacrificial altar of Ru.
  5015 | D:7      | XOM: draining
  5064 | D:7      | Found an ornate altar of the Wu Jian Council.
  5117 | D:7      | XOM: 2-stop teleportation journey
  5179 | D:7      | Reached skill level 5 in Dodging
  5252 | D:7      | XOM: give mutations
  5252 | D:7      | Gained mutation: Your muscles are strong. (Str +4, Int/Dex
                  | -1) [Xom's grace]
  5252 | D:7      | Gained mutation: You are partially covered in iridescent
                  | scales. (AC +2) [Xom's grace]
  5252 | D:7      | Gained mutation: Your flesh is almost immune to the effects
                  | of heat. (rF+++) [Xom's grace]
  5252 | D:7      | Gained mutation: You are resistant to electric shocks.
                  | (rElec) [Xom's grace]
  5274 | D:7      | XOM: give mutations
  5274 | D:7      | Gained mutation: You are dopey. (Int -2) [Xom's mischief]
  5274 | D:7      | Gained mutation: Your muscles are very strong. (Str +8,
                  | Int/Dex -2) [Xom's mischief]
  5328 | D:7      | Found Noemipad's Magic Scroll Boutique.
  5333 | D:7      | Bought a scroll of fog for 56 gold pieces
  5333 | D:7      | Bought a scroll of identify for 28 gold pieces
  5351 | D:7      | Found Ytocits's Antique Weapon Shop.
  5433 | D:7      | Found Igi Int's Antique Weapon Emporium.
  5434 | D:7      | XOM: scenery: 1 doors open, 3 doors close
  5448 | D:7      | XOM: cleaving
  5459 | D:7      | Killed from afar by an orc priest

Illustrated notes

Levels and vault maps discovered:
D:1:      amcnicky_arrival_flooded_fountain, layout_basic
D:2:      layout_basic, basic_altar, minmay_misc_feat_rows
D:3:      layout_rooms, dreamdust_ecumenical_altar_statues, serial_shops, shop,
          biasface_ghost_orc_armoury, uniq_ijyb
D:4:      layout_cave_pools, elyvilon_altar_3, hangedman_minor_gate_pass
D:5:      layout_gridville, mainiacjoe_overflow_six_doors_small, nrook_uturn,
          uniq_sigmund, uniq_blork_the_orc
D:6:      layout_loops_ring, uniq_prince_ribbit1
D:7:      layout_basic, nicolae_wu_jian_immortal_techniques,
          grunt_temple_overflow_open, minmay_temple_entry_arrows, serial_shops,
          kennysheep_mini_moat, nicolae_lakefront_shop, nicolae_diamond_shop,
          shop, kennysheep_little_box, roderic_lattice_a, uniq_pikel

Skill      XL: |  1  2  3  4  5  6  7  8  9 |
---------------+----------------------------+-----
Short Blades   | 3 4 |  4.8
Stealth        | 1 2 3 |  3.6
Spellcasting   | 1 2 3 |  3.0
Armour         | 2 3 4 |  4.2
Dodging        | 3 4 5 |  5.1
Fighting       | 4 5 |  5.3
Shields        | 1 2 |  2.7

Action                     |  1- 3 |  4- 6 |  7- 9 || total
---------------------------+-------+-------+-------++-------
  Melee: Short sword       |   112 |   167 |   229 ||   508
         Punch             |     1 |     1 |       ||     2
   Cast: Call Imp          |       |    10 |    15 ||    25
  Evoke: Piece from Xom's  |     1 |       |       ||     1
         Wand              |       |       |     2 ||     2
    Use: Potion            |       |     4 |     2 ||     6
         Scroll            |       |     2 |     8 ||    10
   Stab: Sleeping          |     3 |     4 |     2 ||     9
         Distracted        |       |       |     2 ||     2
 Armour: Leather armour    |    54 |    87 |    72 ||   213
  Dodge: Dodged            |    99 |   131 |   114 ||   344
  Block: Buckler           |       |       |    41 ||    41

Table legend: (Time is in decaauts)
 A = Elapsed time spent in this place.
 B = Non-inter-level travel time spent in this place.
 C = Inter-level travel time spent in this place.
 D = Time resting spent in this place.
 E = Time spent auto-exploring this place.
 F = Levels seen in this place.
 G = Mean time per level.
                   A        B        C        D        E       F      G
               +--------+--------+--------+--------+--------+-----+--------+
         Total |   5401 |   5213 |    188 |    836 |   3233 |   7 |  771.6 |
       Dungeon |   5401 |   5213 |    188 |    836 |   3233 |   7 |  771.6 |
               +--------+--------+--------+--------+--------+-----+--------+

Top non-repeatable levels by time:
     D:3: 1051 daAuts
     D:1: 930 daAuts
     D:7: 928 daAuts
     D:5: 886 daAuts
     D:4: 832 daAuts
     D:2: 692 daAuts
     D:6: 79 daAuts
